 Dungeon Crawl Stone Soup version 0.27-a0-1188-g73eefd5def (webtiles) character file.

Game seed: 3525763243798463121

533 bande the Shield-Bearer (level 7, -8/44 HPs)
             Began as a Gargoyle Fighter on May 22, 2021.
             Mangled by an ogre
             ... wielding a +0 giant club
              (19 damage)
             ... on level 4 of the Dungeon.
             The game lasted 00:07:56 (3259 turns).

bande the Shield-Bearer (Gargoyle Fighter)          Turns: 3259, Time: 00:07:57

Health: -8/44      AC: 12    Str: 20    XL:     7   Next: 24%
Magic:  7/7        EV:  8    Int:  9    God:
Gold:   197        SH:  9    Dex: 10    Spells: 6/6 levels left

rFire    . . .     SeeInvis .   a - +1 war axe (vorpal)
rCold    . . .     Faith    .   c - +0 kite shield
rNeg     + . .     Spirit   .   b - +0 scale mail
rPois    ∞         Reflect  .   (no helmet)
rElec    +         Harm     .   (no cloak)
rCorr    .         Rampage  .   (no gloves)
Will     .....                  (no boots)
Stlth    ..........             (no amulet)
HPRegen  0.14/turn              (no ring)
MPRegen  0.10/turn              (no ring)

@: no status effects
A: sickness immunity, AC +4, negative energy resistance 1, electricity
resistance, torment resistance 1, petrification resistance
a: no special abilities


You were on level 4 of the Dungeon.
You visited 1 branch of the dungeon, and saw 4 of its levels.
You also visited: Sewer.

You collected 197 gold pieces.

Inventory:

Hand Weapons
 a - a +1 vorpal war axe (weapon)
Armour
 b - a +0 scale mail (worn)
 c - a +0 kite shield (worn)
Wands
 i - a wand of polymorph (7)
Scrolls
 d - a scroll of fear
 f - 3 scrolls of brand weapon
 h - a scroll of summoning
 k - a scroll of blinking


   Skills:
 + Level 4.5 Fighting
 + Level 4.1 Axes
 + Level 4.9 Armour
 + Level 1.3 Dodging
 + Level 4.9 Shields
 * Level 1.2 Evocations


You had 6 spell levels left.
You didn't know any spells.
Your spell library was empty.

Dungeon Overview and Level Annotations

Branches:
Dungeon (4/15)              Sewer (visited)
 Temple: D:4-7

Altars:

Annotations:
D:4 Robin


Innate Abilities, Weirdness & Mutations

You are immune to sickness and miasma.
Your stone body is resilient. (AC +4)
You are immune to poison.
You resist negative energy. (rN+)
You are resistant to electric shocks. (rElec)
You are resistant to unholy torment.
You are immune to petrification.


Message History

Robin roars a battlecry!
The hobgoblin goes into a battle-frenzy!
You block the goblin's attack. x2; The ogre hits you with a +0 giant club!
The goblin barely misses you. Robin throws the goblin at you!
The goblin barely misses you. The goblin hits you with a +0 dagger.
The goblin barely misses you.
The hound barks!
You barely miss the hobgoblin.
Your shield prevents you from hitting the goblin.
Your shield and scale mail prevent you from hitting the goblin.
You slash the goblin!
You kill the goblin!
You closely miss the goblin. You slash the ogre! You block the ogre's attack.
You block the goblin's attack. You block the hobgoblin's attack.
The goblin hits you but does no damage. x2; The goblin barely misses you.
The ogre hits you but does no damage.
Unknown command.
You slash the hobgoblin!
You kill the hobgoblin!
You barely miss the ogre. You hit the goblin. You slash the goblin!
You kill the goblin!
You closely miss the goblin. The goblin barely misses you.
The goblin hits you with a +0 club. The ogre hits you with a +0 giant club.
* * * LOW HITPOINT WARNING * * *
The goblin hits you but does no damage.
You hit the goblin.
The goblin is heavily wounded.
You slash the ogre! You hit the goblin but do no damage.
You closely miss the goblin. You block the goblin's attack. x2
The goblin hits you but does no damage. The ogre barely misses you.
You block the goblin's attack. The goblin completely misses you.
Unknown command.
You hit the goblin.
You kill the goblin!
You hit the ogre. You closely miss the goblin. x2
Robin throws the goblin at you! You block the goblin's attack.
The goblin hits you but does no damage. The hound bites you.
* * * LOW HITPOINT WARNING * * *
The ogre hits you with a +0 giant club!!
You die...

....###.......>...#
.... #..........##
.... #...........#
.................#
...##...#........#
... #####.......##
... #.......## ...
#.##...g)## .♣.
#.......@g# ...
......gOh## .♣.
#......gg.# ..
#.#..#....#
#.####..... #......
......♣♣ #.....♣♣


You could see an ogre, a hound, Robin, 2 hobgoblins and 2 goblins.

Vanquished Creatures
  Purgy (Sewer)
  A phantom (D:4)
  A scorpion (D:4)
  A hound (D:3)
  An orc priest (D:2)
  Natasha (thrice) (D:2)
  An iguana (D:4)
  An orc wizard (D:3)
  2 adders
  An adder skeleton (D:4)
  2 worms
  11 orcs
  2 bats
  3 endoplasms
  2 giant cockroaches
  15 goblins
  7 hobgoblins
  10 jackals
  10 kobolds
  3 quokkas (D:1)
  3 ball pythons
  2 frilled lizards
  2 rats
85 creatures vanquished.

Notes
Turn   | Place    | Note
-------+----------+-------------------------------------------
     0 | D:1      | bande the Gargoyle Fighter began the quest for the Orb.
     0 | D:1      | Reached XP level 1. HP: 14/14 MP: 1/1
   343 | D:1      | Reached XP level 2. HP: 19/19 MP: 2/2
   825 | D:1      | Reached XP level 3. HP: 23/23 MP: 3/3
   943 | D:1      | Found a faded altar of an unknown god.
  1135 | D:2      | Noticed Natasha
  1141 | D:2      | Killed Natasha
  1307 | D:2      | Reached XP level 4. HP: 29/29 MP: 4/4
  1862 | D:2      | Noticed Natasha
  1867 | D:2      | Killed Natasha
  1941 | D:2      | Noticed Natasha
  1957 | D:2      | Killed Natasha
  1958 | D:2      | Reached XP level 5. HP: 19/33 MP: 5/5
  2424 | D:3      | Found a glowing drain.
  2430 | D:3      | Reached skill level 1 in Dodging
  2440 | Sewer    | Entered a sewer
  2451 | Sewer    | Noticed Purgy
  2474 | Sewer    | Killed Purgy
  2475 | Sewer    | Reached XP level 6. HP: 21/39 MP: 6/6
  3100 | D:4      | Reached XP level 7. HP: 15/44 MP: 7/7
  3126 | D:4      | Reached skill level 1 in Evocations
  3250 | D:4      | Noticed Robin
  3259 | D:4      | Mangled by an ogre

Illustrated notes

Levels and vault maps discovered:
D:1:      dpeg_arrival_another_circle, layout_rooms,
          hellmonk_ecumenical_altar_zigzags, minmay_misc_feat_tower,
          supply_closet_lemuel, lemuel_old_faithful
D:2:      layout_rooms, chequers_decorated_corner, uniq_natasha
D:3:      layout_basic, portal_sewer_entry_d, serial_glass, glass_columns_c,
          glass_columns_b, minmay_fountain_box, chequers_garden,
          grunt_ministairs_10
D:4:      layout_cave_pools, minmay_temple_entry_antechambers, serial_forest,
          infiniplex_forest_lined_2, infiniplex_forest_straight_1,
          infiniplex_forest_corner_1, infiniplex_forest_side_room,
          infiniplex_forest_end_2, infiniplex_forest_straight_2,
          infiniplex_forest_lined_ring, infiniplex_forest_clump_C,
          nicolae_ossuary_entry_plus, uniq_robin

Skill      XL: |  1  2  3  4  5  6  7 |
---------------+----------------------+-----
Axes           | 2 3 4 |  4.1
Armour         | 4 |  4.9
Fighting       | 4 |  4.5
Shields        | 4 |  4.9
Dodging        | 1 |  1.3
Evocations     | 1 |  1.2

Action                   |  1- 3 |  4- 6 |  7- 9 || total
-------------------------+-------+-------+-------++-------
Melee: War axe           |    70 |   151 |    22 ||   243
  Use: Scroll            |     3 |     4 |       ||     7
       Potion            |       |     7 |     1 ||     8
 Stab: Invisible         |       |     3 |     1 ||     4
Armor: Scale mail        |    41 |   124 |    18 ||   183
Dodge: Dodged            |    19 |    75 |    12 ||   106
Block: Kite shield       |    31 |   111 |    18 ||   160

Table legend: (Time is in decaauts)
 A = Elapsed time spent in this place.
 B = Non-inter-level travel time spent in this place.
 C = Inter-level travel time spent in this place.
 D = Time resting spent in this place.
 E = Time spent auto-exploring this place.
 F = Levels seen in this place.
 G = Mean time per level.
                   A        B        C        D        E       F      G
               +--------+--------+--------+--------+--------+-----+--------+
         Total |   3404 |   3286 |    118 |    683 |   1468 |   5 |  680.8 |
       Dungeon |   3064 |   2946 |    118 |    546 |   1360 |   4 |  766.0 |
         Sewer |    339 |    339 |      0 |    137 |    108 |   1 |  339.0 |
               +--------+--------+--------+--------+--------+-----+--------+

Top non-repeatable levels by time:
     D:1: 1165 daAuts
     D:2: 1040 daAuts
     D:3: 665 daAuts
   Sewer: 339 daAuts
     D:4: 192 daAuts
